 Yiufcrawl Soup (a DCSS fork) version 1.5.2b1-yiuf-19-g91104ff (webtiles) character file.

61 BaronVonScrub the Covered (level 4, -12/34 HPs)
             Began as a Null Wanderer on July 25, 2018.
             Mangled by a kobold
             ... wielding a +2 whip of electrocution
              (16 damage)
             ... on level 3 of the Dungeon.
             The game lasted 00:02:09 (1130 turns).

BaronVonScrub the Covered (Null Wanderer)           Turns: 1130, Time: 00:02:10

Health: -12/34     AC:  5    Str: 14    XL:     4   Next: 7%
Magic:  4/4        EV: 10    Int: 12    God:
Gold:   73         SH:  0    Dex: 11    Spells: 3/3 levels left

rFire    . . .     SeeInvis .   a - +2 mace
rCold    . . .     Gourm    .   (no shield)
rNeg     . . .     Faith    .   b - +0 ring mail
rPois    .         Spirit   .   (no helmet)
rElec    .         Reflect  .   (no cloak)
rCorr    .         Harm     .   (no gloves)
MR       .....                  (no boots)
Stlth    +.........             (no amulet)
Regen    0.2/turn               (no ring)
MPRegen  0.1/turn               (no ring)

@: no status effects
A: NULL
a: no special abilities


You were on level 3 of the Dungeon.
You were not hungry.

You visited 1 branch of the dungeon, and saw 3 of its levels.

You collected 73 gold pieces.

Inventory:

Hand Weapons
 a - a +2 mace (weapon)
Armour
 b - a +0 ring mail (worn)
Scrolls
 c - 3 scrolls of teleportation
 e - a scroll of recharging {unknown}
 g - a scroll of identify {unknown}
 n - a scroll of fog {unknown}
 o - 2 scrolls of magic mapping {unknown}
Potions
 f - 2 potions of heal wounds {unknown}
 h - 2 potions of mutation {unknown}
 j - a potion of resistance {unknown}
 k - 3 potions of ambrosia {unknown}
 m - a potion of brilliance {unknown}
Comestibles
 d - 2 bread rations
 i - a royal jelly
 l - 2 chunks of flesh


   Skills:
 + Level 2.6 Fighting
 + Level 2.3 Maces & Flails
 + Level 3.0 Armour
 + Level 0.4 Dodging
 + Level 1.0 Stealth
   Level 1.0 Shields
   Level 1.0 Summonings
   Level 2.0 Air Magic


You had 3 spell levels left.
You didn't know any spells.

Dungeon Overview and Level Annotations

Branches:
Dungeon (3/15)

Altars:
Gozag


Message History

* * * LOW HITPOINT WARNING * * *
You feel sick.
* * * LOW HITPOINT WARNING * * *
You feel sick.
You are no longer poisoned.
d - 2 bread rations (gained 1)
Found a stone staircase leading down.
A kobold comes into view. It is wielding a whip of electrocution.
The kobold shouts!
You are too injured to fight recklessly!
You are too injured to fight recklessly!
You are too injured to fight recklessly!
You are too injured to fight recklessly!
You are too injured to fight recklessly!
An adder comes into view.
The adder hisses angrily.
The kobold hits you but does no damage.
You barely miss the kobold. The kobold hits you but does no damage.
You are electrocuted!
You die...

#.####.........#....#
#.##................#
###.##......#####.....#
....##................#
#......###.######.....#
#.####.# #.######.....#
..#<.#.# #............#
..##.#.# #######......#
.....#.# #@..>###
..####.# #K...#
..+....# #S...#
..###### #.#.## ..#
#.#.# ..# #.#.# ###
#.#.. #.# #


You could see an adder and a kobold.

Vanquished Creatures
  An adder (D:3)
  A gnoll (D:1)
  An ooze (D:1)
  2 worms
  A dart slug (D:1)
  4 leopard geckos
  5 bats
  A giant cockroach (D:3)
  3 goblins
  A hobgoblin (D:2)
  4 kobolds
  A quokka (D:3)
  A ball python (D:1)
  3 rats (D:1)
29 creatures vanquished.

Notes
Turn   | Place    | Note
-------+----------+-------------------------------------------
     0 | D:1      | BaronVonScrub the Null Wanderer began the quest for the Orb.
     0 | D:1      | BaronVonScrub set off with: a +2 mace, a +0 ring mail, a scroll of teleportation, a bread ration
     0 | D:1      | Reached XP level 1. HP: 16/16 MP: 1/1
    92 | D:1      | Reached XP level 2. HP: 18/22 MP: 2/2
   174 | D:1      | Reached XP level 3. HP: 14/28 MP: 3/3
   751 | D:2      | Found an opulent altar of Gozag.
  1097 | D:3      | Reached skill level 3 in Armour
  1097 | D:3      | Reached XP level 4. HP: 3/34 MP: 4/4
  1102 | D:3      | HP: 1/34 [poisoned by an adder]
  1130 | D:3      | Mangled by a kobold

Skill      XL: |  1  2  3 |
---------------+----------+-----
Maces & Flails | 2 |  2.3
Armour         | 3 |  3.0
Fighting       | |  2.6
Dodging        | |  0.4
Stealth        | |  1.0
Shields        | |  1.0
Summonings     | |  1.0
Air Magic      | |  2.0

Action                   |  1- 3 |  4- 6 || total
-------------------------+-------+-------++-------
Melee: Mace              |    84 |     1 ||    85
  Eat: Chunk             |     1 |       ||     1
Armor: Ring mail         |    43 |     2 ||    45
Dodge: Dodged            |    67 |       ||    67
